 Dungeon Crawl Stone Soup version 0.27.1-2-g3b301248ec (webtiles) character file.

Game seed: 15356861419801769111

12357 MajorAdolf the Covert (level 11, -22/166 HPs)
             Began as a Naga Wanderer on Sept 26, 2021.
             Was a Believer of Ashenzari.
             Killed from afar by a hell hound (24 damage)
             ... with a blast of flame
             ... in a volcano on Sept 27, 2021.
             The game lasted 00:29:25 (17871 turns).

MajorAdolf the Covert (Naga Wanderer)              Turns: 17871, Time: 00:29:26

Health: -22/166    AC: 29    Str: 14    XL:     11   Next: 92%
Magic:  0/11       EV:  1    Int: 17    God:    Ashenzari [**....]
Gold:   718        SH:  0    Dex: 10    Spells: 10/10 levels left

rFire    . . .     SeeInvis +   j - +1 falchion (elec)
rCold    + + .     Faith    .   (no shield)
rNeg     + + +     Spirit   +   (armour currently unavailable)
rPois    +         Reflect  .   (helmet currently unavailable)
rElec    .         Harm     .   (cloak currently unavailable)
rCorr    .         Rampage  .   (gloves currently unavailable)
Will     +....     NoTele   +   (no barding)
Stlth    ++++++....             v - amulet of the Wild Blue Yonder {Spirit, Elem, Fort} (curse)
HPRegen  0.37/turn              c - ring of Apeoromancy {rC++ AC+4, Melee, Self} (curse)
MPRegen  0.12/turn              B - +4 ring of slaying

@: tree-form
A: stationary, stasis, torment immunity, boosted hp, AC +3, large, see
invisible, (deformed body), (poison resistance), (slowness 2), spit poison 1,
(naga tail 1)
a: Spit Poison, Renounce Religion, Curse Item, Shatter the Chains


You were in a volcano.
You worshipped Ashenzari.
Ashenzari was pleased with you.
You were a tree.
You visited 3 branches of the dungeon, and saw 13 of its levels.
You also visited: Volcano.

You collected 718 gold pieces.

Inventory:

Hand Weapons
 j - a +1 falchion of electrocution (weapon)
Missiles
 g - 13 poisoned darts (quivered)
Armour
 a - the cursed +2 robe "All-seeing Abstinence" (melded) {Will+, Evo, Alch}
   (You took it off an orc wizard on level 6 of the Dungeon)

   It has a curse which improves the following skills: Evocations: Evocations.
   Alchemy:   Poison Magic and Transmutations.
 b - a +2 robe of resistance
 e - a +0 robe
 o - a scarf of invisibility (melded)
 w - a +0 hat
 z - the cursed +0 helmet "Yoke of the Sky" (melded) {Bglg, Elem}
   (You found it on level 6 of the Dungeon)

   It has a curse which improves the following skills: Beguiling: Conjurations,
   Hexes and Translocations.
   Elements:  Fire Magic, Ice Magic, Air Magic and Earth Magic.
Jewellery
 c - the cursed ring of Apeoromancy (left branch) {rC++ AC+4, Melee, Self}
   (You found it on level 6 of the Dungeon)

   [ring of protection]

   AC:        It affects your AC (+4).
   rC:        It greatly protects you from cold.
   It has a curse which improves the following skills: Melee Combat: Short
   Blades, Long Blades, Axes, Maces & Flails, Polearms, Staves and Unarmed
   Combat.
   Introspection: Fighting and Spellcasting.
 h - a ring of flight
 v - the cursed amulet of the Wild Blue Yonder (around neck) {Spirit, Elem, Fort}
   (You found it on level 5 of the Dungeon)

   [amulet of guardian spirit]

   It causes incoming damage to be divided between your reserves of health and
   magic.
   It has a curse which improves the following skills: Elements: Fire Magic, Ice
   Magic, Air Magic and Earth Magic.
   Fortitude: Armour and Shields.
 B - a +4 ring of slaying (right branch)
Wands
 u - a wand of mindburst (11)
 A - a wand of flame (40)
Scrolls
 d - a scroll of teleportation
 m - 2 scrolls of silence
 q - 2 scrolls of enchant weapon
 y - 2 scrolls of blinking
Potions
 f - 2 potions of attraction
 i - a potion of might
 k - 2 potions of mutation
 l - 2 potions of brilliance
 n - a potion of heal wounds
 p - a potion of cancellation
 r - a potion of curing
 s - 2 potions of invisibility
 t - 2 potions of lignification
 x - a potion of flight
Miscellaneous
 C - a condenser vane


   Skills:
 + Level 10.0(11.3) Fighting
 - Level 2.9(7.3) Short Blades
 + Level 9.3(10.9) Long Blades
 - Level 2.4(3.6) Armour
 - Level 1.0 Dodging
 + Level 14.8 Stealth
 - Level 3.0(4.2) Unarmed Combat
 + Level 9.8 Evocations


You had 10 spell levels left.
You didn't know any spells.
Your spell library contained the following spells:

 Spells                   Type           Power      Damage    Failure   Level
 Foxfire                  Conj/Fire      0%         2x1d4     22%         1
 Beastly Appendage        Tmut           0%         N/A       24%         1
 Ensorcelled Hibernation  Hex/Ice        0%         N/A       34%         2
 Static Discharge         Conj/Air       0%         N/A       34%         2
 Wereblood                Tmut           0%         N/A       34%         2
 Dazzling Flash           Conj/Hex       0%         N/A       56%         3
 Inner Flame              Hex/Fire       0%         N/A       56%         3
 Spider Form              Tmut/Pois      0%         N/A       56%         3
 Summon Guardian Golem    Hex/Summ       0%         N/A       56%         3
 Cause Fear               Hex            0%         N/A       93%         4
 Lightning Bolt           Conj/Air       0%         1d11      99%         5
 Silence                  Hex/Air        0%         N/A       99%         5
 Agony                    Necr           0%         N/A       100%        5
 Shadow Creatures         Summ           N/A        N/A       100%        6
 Discord                  Hex            0%         N/A       100%        8
 Maxwell's Capacitive Co  Air            0%         ∞         100%        8


Dungeon Overview and Level Annotations

Branches:
Dungeon (10/15)            Temple (1/1) D:6            Lair (0/6) D:10
    Orc (2/2) D:10            Elf (0/3) Orc:2       Volcano (1/1)

Altars:
Ashenzari
Cheibriados
Dithmenos
Elyvilon
Fedhas
Gozag
Hepliaklqana
Kikubaaqudgha
Makhleb
Nemelex Xobeh
Qazlal
Ru
Sif Muna
Trog
Uskayaw
Vehumet
Wu Jian
Xom
Yredelemnul
Zin
The Shining One
Beogh
Jiyva

Shops:
D:5 (   D:8 *

Annotations:
D:3 1 runed translucent door, Crazy Yiuf
D:4 Blork the orc
D:8 3 runed translucent doors, amoeba's ghost, novice MiFi
D:9 exclusion: downstairs


Innate Abilities, Weirdness & Mutations

You are a tree.
Your roots penetrate the ground, keeping you stationary.
You cannot be teleported.
You are immune to unholy pain and torment.
Your maximum health is greatly increased.
Your equipment is partially melded.
((Your serpentine skin is tough. (AC +3)))
You have supernaturally acute eyesight. (SInv)
((Armour fits poorly on your strangely shaped body.))
((Your system is resistant to poisons. (rPois)))
((You cover ground very slowly.))
You can spit poison.
((You have a snake-like lower body.))


Message History

Unknown command.
You closely miss the hell hound.
The fire bat bites you but does no damage.
The hell hound breathes flames at you. The blast of flame hits you!
* * * LOW HITPOINT WARNING * * *
You hit the hell hound but do no damage.
Lightning courses through the hell hound!
The hell hound is severely wounded.
The fire bat bites you but does no damage.
The hell hound bites you but does no damage.
Unknown command.
You hit the hell hound.
The hell hound is severely wounded.
The fire bat bites you but does no damage.
The hell hound breathes flames at you. The blast of flame hits you.
* * * LOW HITPOINT WARNING * * *
Unknown command.
You miss the hell hound.
The hell hound is severely wounded.
The volcano erupts!
Nearby, a roof collapses.
The fire bat bites you.
* * * LOW HITPOINT WARNING * * *
You are engulfed in flames!
* * * LOW HITPOINT WARNING * * *
The hell hound bites you!
* * * LOW HITPOINT WARNING * * *
You hit the hell hound.
The hell hound is almost dead.
The fire bat bites you but does no damage. x2
The hell hound bites you but does no damage.
Unknown command.
Unknown command.
You barely miss the hell hound.
The hell hound is almost dead.
The fire bat bites you but does no damage.
The hell hound breathes flames at you. The blast of flame hits you!!
You die...

##* ##.*### *# #
..#..# b#.** ∩..!$#
,,[$b ####h..# *
#.###.##♣.# , ,
**,#....#b###..#
..###....bb{.....#*
*
*#....∩∩.§.##..k..,
* ##..§§§§§## {)!..
, ...##.§§.## , .##
* #* #.#.... * #
#..#.##.. *, !).
#b**#$$ *


You could see a hell hound (catching breath) and 3 fire bats.

Vanquished Creatures
  A two-headed ogre (D:8)
  2 trolls
  Sigmund (D:2)
  2 vampires
  15 yaks
  3 wargs
  2 water moccasins
  2 hell hounds (Orc:2)
  A black bear (D:7)
  An ice beast (D:8)
  11 orc warriors
  2 sky beasts (D:6)
  5 centaurs
  7 ogres
  9 wolves
  A phantom (D:4)
  3 kobold brigands
  3 wyvern zombies
  2 bullfrogs
  A gnoll sergeant (D:8)
  7 scorpions
  A water moccasin skeleton (D:7)
  6 killer bees
  2 electric eels (D:10)
  5 howler monkeys
  4 centaur zombies
  A bullfrog zombie (D:4)
  5 hounds
  A centaur skeleton (D:5)
  8 orc priests
  2 iguanas
  6 orc wizards
  A hound skeleton (D:4)
  3 howler monkey zombies
  15 gnolls
  5 adders
  2 white imps
  An ufetubus (D:6)
  A worm (D:4)
  60 orcs
  2 ball pythons
  7 bats
  4 endoplasms
  9 goblins
  4 hobgoblins
  5 jackals
  4 quokkas
  2 frilled lizards (D:3)
  15 kobolds
  10 rats
272 creatures vanquished.

Vanquished Creatures (others)
  An endoplasm (D:4)
  2 kobolds (D:10)
  A frilled lizard (D:4)
  2 bushes (D:4)
  17 plants (D:4)
23 creatures vanquished.

Grand Total: 295 creatures vanquished

Notes
Turn   | Place    | Note
-------+----------+-------------------------------------------
     0 | D:1      | MajorAdolf the Naga Wanderer began the quest for the Orb.
     0 | D:1      | MajorAdolf set off with the following items: a +2 dagger, a
                  | scroll of fear, a +0 spear, a scroll of teleportation, a +0
                  | robe
     0 | D:1      | Reached XP level 1. HP: 18/18 MP: 1/1
   475 | D:1      | Reached XP level 2. HP: 25/25 MP: 2/2
   994 | D:2      | Reached skill level 1 in Short Blades
  1239 | D:2      | HP: 1/25 [jackal (3)]
  1991 | D:2      | Noticed Sigmund
  2011 | D:2      | Killed Sigmund
  2012 | D:2      | Reached skill level 5 in Stealth
  2012 | D:2      | Reached XP level 3. HP: 18/33 MP: 3/3
  2012 | D:2      | Reached XP level 4. HP: 23/40 MP: 4/4
  2012 | D:2      | Reached XP level 5. HP: 26/46 MP: 5/5
  2444 | D:2      | Found a faded altar of an unknown god.
  2885 | D:3      | Reached XP level 6. HP: 56/56 MP: 6/6
  3479 | D:3      | Found a runed translucent door.
  3480 | D:3      | Noticed Crazy Yiuf
  3728 | D:3      | Found a bloodstained altar of Trog.
  3737 | D:3      | Found a glowing silver altar of Zin.
  4172 | D:4      | Noticed Blork the orc
  4298 | D:4      | Reached skill level 6 in Stealth
  4513 | D:4      | Reached skill level 1 in Long Blades
  4546 | D:4      | Got Sif Muna's Reference Book on the Scorching Oath
  4899 | D:4      | Reached XP level 7. HP: 54/63 MP: 7/7
  5154 | D:5      | Entered Level 5 of the Dungeon
  5154 | D:5      | Found Esescho's Antique Weapon Boutique.
  5188 | D:4      | Reached skill level 7 in Stealth
  5652 | D:5      | Found a hazy altar of Hepliaklqana.
  5693 | D:5      | Reached XP level 8. HP: 27/73 MP: 8/8
  6694 | D:5      | Reached skill level 8 in Stealth
  7132 | D:5      | Reached skill level 5 in Fighting
  7718 | D:5      | Found a glowing golden altar of the Shining One.
  8573 | D:6      | Reached skill level 5 in Evocations
  8666 | D:6      | Reached skill level 9 in Stealth
  8822 | D:6      | Found a radiant altar of Vehumet.
  8850 | D:6      | Found a staircase to the Ecumenical Temple.
  8864 | D:6      | Reached XP level 9. HP: 70/81 MP: 9/9
  8920 | Temple   | Entered the Ecumenical Temple
  9191 | Temple   | Became a worshipper of Ashenzari the Shackled
  9200 | Temple   | Reached skill level 12 in Stealth
  9200 | Temple   | Reached XP level 10. HP: 96/96 MP: 10/10
  9636 | D:6      | Identified the ring "Cimmem" {rC++ AC+4}
  9789 | D:6      | Found a shimmering blue altar of Sif Muna.
 10097 | D:7      | Found a blossoming altar of Fedhas.
 10100 | D:7      | Found an ancient bone altar of Kikubaaqudgha.
 10201 | D:7      | Reached skill level 13 in Stealth
 10988 | D:8      | Found a runed translucent gate.
 10989 | D:8      | Found a runed translucent gate.
 11012 | D:8      | Reached * piety under Ashenzari
 11155 | D:8      | Found a runed translucent gate.
 11157 | D:8      | Noticed amoeba's ghost (novice MiFi)
 11159 | D:8      | Found a viscous altar of Jiyva.
 11240 | D:8      | Noticed a two-headed ogre
 11254 | D:8      | Killed a two-headed ogre
 11282 | D:8      | Identified the cursed +0 helmet "Yoke of the Sky" {Bglg,
                  | Elem} (You found it on level 6 of the Dungeon)
 12123 | D:8      | Found Eitet's Eclectic Emporium.
 12588 | D:9      | Reached ** piety under Ashenzari
 13808 | D:8      | Reached XP level 11. HP: 95/110 MP: 9/11
 14096 | D:10     | Entered Level 10 of the Dungeon
 14097 | D:10     | Found a staircase to the Orcish Mines.
 14856 | Orc:1    | Entered Level 1 of the Orcish Mines
 14870 | D:10     | Reached skill level 14 in Stealth
 15749 | D:10     | Found a staircase to the Lair.
 17643 | Orc:2    | Entered Level 2 of the Orcish Mines
 17643 | Orc:2    | Found a staircase to the Elven Halls.
 17838 | Orc:2    | Found a dark tunnel.
 17843 | Orc:2    | Reached skill level 10 in Fighting
 17853 | Volcano  | Entered a volcano
 17856 | Volcano  | Noticed a lindwurm
 17869 | Volcano  | HP: 8/166 [fire bat (6)]
 17869 | Volcano  | HP: 2/166 [hell hound (6)]
 17871 | Volcano  | Killed from afar by a hell hound

Illustrated notes

Levels and vault maps discovered:
D:1:      saegor_arrival_simple_b, layout_loops_ring
D:2:      layout_basic, ebering_ecumenical_altar_webs, uniq_sigmund
D:3:      layout_basic, mainiacjoe_overflow_large_starburst,
          uniq_crazy_yiuf_cottage
D:4:      layout_loops_cross, general_overflow_altar, abandoned_shop,
          lexackson_kobold_supper, uniq_blork_the_orc
D:5:      layout_basic, lemuel_tele_altar, nicolae_tso_swordbearing_angel,
          serial_shops, nicolae_stop_n_shop_1
D:6:      layout_basic, vehumet_crystals, led_sif_pool,
          minmay_temple_entry_trees, eino_tiny_chamber,
          chequers_serial_rivers_micro_e, minmay_bent
D:7:      layout_loops_ring, grunt_temple_overflow_growth_and_decay
D:8:      layout_loops_ring, gammafunk_ghost_ooze, nicolae_alphabet_shops
D:9:      layout_cross, chequers_serial_rivers_micro_b, minmay_misc_feat_chi
D:10:     layout_cave_pools, erik_lair_island, orc_0_dummy,
          hangedman_decor_growths, minivault_8
Temple:   nicolae_temple_figure_eight
Orc:1:    layout_caves, basic_altar, enter_bailey_5, mines5_lemuel
Orc:2:    grunt_orc_tribal_feast, layout_caves, enter_volcano_3, serial_shops,
          nicolae_square_shop, shop, shop, uniq_jorgrun
Volcano:  volcano_caves

Skill      XL: |  1  2  3  4  5  6  7  8  9 10 11 |
---------------+----------------------------------+-----
Short Blades   | 2 |  2.9
Fighting       | 2 3 4 5 8 9 10 | 10.0
Stealth        | 5 6 7 9 12 13 14 | 14.8
Evocations     | 2 3 5 8 9 |  9.8
Long Blades    | 1 2 4 7 8 9 |  9.3
Armour         | |  2.4
Dodging        | |  1.0
Unarmed Combat | |  3.0

Action                   |  1- 3 |  4- 6 |  7- 9 | 10-12 || total
-------------------------+-------+-------+-------+-------++-------
Melee: Dagger            |     7 |     6 |       |       ||    13
       Punch             |     1 |     1 |     1 |     9 ||    12
       Falchion          |       |    67 |   102 |   616 ||   785
 Fire: Hunting sling     |    22 |       |       |       ||    22
Throw: Dart              |     7 |    19 |     2 |       ||    28
Invok: Curse Item        |       |       |       |     4 ||     4
 Abil: Spit Poison       |    21 |    27 |    26 |    14 ||    88
Evoke: Wand              |       |       |       |     2 ||     2
  Use: Potion            |     2 |       |     1 |     2 ||     5
       Scroll            |       |       |     2 |     4 ||     6
 Stab: Sleeping          |       |     5 |     1 |     7 ||    13
       Distracted        |       |       |       |     3 ||     3
Armor: Robe              |     7 |    15 |    18 |   300 ||   340
       Skin              |       |       |       |    64 ||    64
Dodge: Dodged            |    30 |    30 |    71 |   306 ||   437
       Rpst.: Falchion   |       |     7 |    22 |    84 ||   113
